 Dungeon Crawl Stone Soup version 0.29.1-4-g47bece8355 (webtiles) character file.

Game seed: 655898219217570717

145 CaptainMV the Gusty (level 5, -2/40 HPs)
             Began as a Draconian Air Elementalist on Dec 8, 2022.
             Slain by an orc
             ... wielding a +0 flail
              (4 damage)
             ... while paralysed by Grinder
             ... on level 3 of the Dungeon.
             The game lasted 00:12:42 (1166 turns).

CaptainMV the Gusty (Draconian Air Elementalist)    Turns: 1166, Time: 00:12:42

Health: -2/40      AC:  6    Str: 10    XL:     5   Next: 6%
Magic:  1/8        EV:  2    Int: 18    God:
Gold:   121        SH:  0    Dex: 11    Spells: 5/8 levels left

rFire   . . .      SeeInvis .   j - +1 dagger (vamp)
rCold   . . .      Faith    .   (no shield)
rNeg    . . .      Spirit   .   (body armour unavailable)
rPois   .          Reflect  .   (helmet restricted)
rElec   .          Harm     .   d - +0 cloak
rCorr   .          Rampage  .   (no gloves)
Will    .....                   (no boots)
Stlth   +.........              (no amulet)
HPRegen 0.13/turn               (no ring)
MPRegen 0.11/turn               (no ring)

@: confused, paralysed
A: AC +5, unfitting armour, cold-blooded
a: no special abilities


You were on level 3 of the Dungeon.
You visited 1 branch of the dungeon, and saw 3 of its levels.

You collected 121 gold pieces.

Inventory:

Hand Weapons
 b - a +0 short sword
 j - a +1 vampiric dagger (weapon)
Armour
 d - a +0 cloak (worn)
Scrolls
 e - 2 scrolls of vulnerability {unknown}
 f - a scroll of teleportation {unknown}
 g - 2 scrolls of immolation {unknown}
 h - 3 scrolls of identify {unknown}
 i - a scroll of torment {unknown}
 l - a scroll of blinking {unknown}
Potions
 a - a potion of magic
 c - a potion of lignification {unknown}
 k - a potion of heal wounds {unknown}


   Skills:
 + Level 1.0 Fighting
 + Level 1.5 Short Blades
 + Level 2.7 Dodging
 + Level 2.4 Stealth
 + Level 2.4 Spellcasting
 + Level 1.5 Conjurations
 + Level 3.8 Air Magic


You had 5 spell levels left.
You knew the following spells:

 Your Spells              Type           Power      Damage    Failure   Level
a - Shock                 Conj/Air       44%        1d5       6%          1
b - Static Discharge      Conj/Air       11%        3-5/arc   9%          2

Your spell library contained the following spells:

 Spells                   Type           Power      Damage    Failure   Level
 Swiftness                Air            16%        N/A       11%         3
 Airstrike                Air            8%         2d(2-18)  34%         4
 Corpse Rot               Necr/Pois/Air  6%         N/A       71%         4
 Dispel Undead            Necr           2%         3d7       86%         4
 Death Channel            Necr           1%         N/A       100%        6


Dungeon Overview and Level Annotations

Branches:
Dungeon (2/15)

Altars:

Annotations:
D:3 Grinder


Innate Abilities, Weirdness & Mutations

Your plain brown scales are hard. (AC +5)
You cannot fit into any form of body armour.
You are cold-blooded and may be slowed by cold attacks.


Message History

Something is struck by an arc of lightning.
The orc priest is struck by an arc of lightning.
You kill the orc priest!
You are struck by an arc of lightning.
The orc is struck by an arc of lightning.
The orc is almost dead.
The lightning grounds out.
Something completely misses you. The orc completely misses you.
Your Fighting skill increases to level 1!
You have reached level 5!
You barely miss something. Grinder gestures at you.
You suddenly lose the ability to move!
You hear some strange, mumbled words.
A puff of flame appears from out of thin air!
The puff of flame hits you! The orc completely misses you.
The orc hits you with a +0 short sword.
Grinder blinks!
You hear some strange, mumbled words.
A puff of flame appears from out of thin air!
The puff of flame hits you. The orc hits you with a +0 flail.
* * * LOW HITPOINT WARNING * * *
The orc hits you with a +0 short sword.
* * * LOW HITPOINT WARNING * * *
Grinder gestures at you.
You shrug off the repeated paralysis!
You hear some strange, mumbled words.
Something tries to affect you, but you resist.
The orc hits you with a +0 flail.
* * * LOW HITPOINT WARNING * * *
The orc hits you but does no damage. Grinder hits you but does no damage.
You hear some strange, mumbled words.
You are confused.
The orc hits you with a +0 flail.
* * * LOW HITPOINT WARNING * * *
The orc hits you but does no damage. Grinder completely misses you.
Something hits you but does no damage. The orc hits you with a +0 flail.
You die...

......#########.... ...
.####...........# ..).
..###.###.......####....
#.....# #...............
...######.......>.......
.................#...#
.....##########....#
.....#### #.oo)#
.........# #5@#<#
..........##...{)# #
..........##.....#
..[###......!....# ...#
#.#......... ...#
.##....##.# ..## ##.##.
... ...# #. ## ... ...#
..#....##


You could see Grinder and 2 orcs.

Vanquished Creatures
  A necrophage (D:3)
  An orc priest (D:3)
  An adder (D:2)
  2 dart slugs (D:1)
  2 orcs (D:3)
  2 bats (D:1)
  2 endoplasms (D:1)
  4 giant cockroaches
  3 goblins
  6 hobgoblins
  A quokka (D:3)
  4 ball pythons
  4 frilled lizards
  5 kobolds
  3 rats
  7 toadstools (D:1)
48 creatures vanquished.

Notes
Turn   | Place    | Note
-------+----------+-------------------------------------------
     0 | D:1      | CaptainMV the Draconian Air Elementalist began the quest
                  | for the Orb.
     0 | D:1      | Reached XP level 1. HP: 14/14 MP: 3/3
   136 | D:1      | Found a faded altar of an unknown god.
   187 | D:1      | Reached XP level 2. HP: 13/20 MP: 3/5
   190 | D:1      | Learned a level 2 spell: Static Discharge
   454 | D:1      | Reached XP level 3. HP: 25/26 MP: 3/6
   695 | D:2      | You fall into a shaft and drop 1 floor!
   901 | D:3      | Noticed a necrophage
   924 | D:3      | Killed a necrophage
   925 | D:3      | Reached skill level 1 in Short Blades
   925 | D:3      | Reached XP level 4. HP: 9/34 MP: 0/7
  1154 | D:3      | Noticed Grinder
  1162 | D:3      | Reached skill level 1 in Fighting
  1162 | D:3      | Reached XP level 5. HP: 34/40 MP: 0/8
  1162 | D:3      | Paralysed by Grinder for 4 turns
  1165 | D:3      | HP: 2/40 [orc/+0 flail (5)]
  1166 | D:3      | Slain by an orc

Illustrated notes

Levels and vault maps discovered:
D:1:      nagdon_arrival_double_spiral, layout_rooms, basic_ecumenical_altar
D:2:      layout_loops_cross, uniq_natasha, uniq_sigmund
D:3:      layout_rooms, lemuel_tele_altar, jmf_multi_god_temple2, uniq_grinder

Skill      XL: |  1  2  3  4 |
---------------+-------------+-----
Dodging        | 2 |  2.7
Short Blades   | 1 |  1.5
Stealth        | 2 |  2.4
Fighting       | 1 |  1.0
Spellcasting   | |  2.4
Conjurations   | |  1.5
Air Magic      | |  3.8

Action                   |  1- 3 |  4- 6 || total
-------------------------+-------+-------++-------
Melee: Short sword       |    87 |       ||    87
       Unarmed           |    20 |       ||    20
       Tailslap          |    13 |     1 ||    14
       Dagger            |    39 |     7 ||    46
 Cast: Shock             |    21 |     1 ||    22
       Static Discharge  |       |     3 ||     3
 Stab: Sleeping          |     4 |       ||     4
Armor: Skin              |    58 |    12 ||    70
Dodge: Dodged            |    84 |     9 ||    93
